| TOP OF THE 1ST |
|
Pensacola Blue Wahoos batting - Pitching for Columbia Fireflies : RHP Jose Esquibel
|
|
Pitching: RHP Jose Esquibel
|
|
|
Batting: RHB Tony Casas
|
0-0: Called Strike 0-1: Swinging Strike 0-2: Ball 1-2: Strikes out swinging
|
|
Batting: LHB Phil Lomax
|
0-0: Called Strike 0-1: Ball 1-1: Called Strike 1-2: Strikes out swinging
|
|
Batting: RHB Sang-ton Pak
|
0-0: Ball 1-0: Fly out, F7 (Flyball, 78M, EV 85.6 MPH)
|
| Top of the 1st over - 0 runs, 0 hits, 0 errors, 0 left on base; Pensacola 0 - Columbia 0 |
| BOTTOM OF THE 1ST |
|
Columbia Fireflies batting - Pitching for Pensacola Blue Wahoos : LHP Dave Schmidt
|
|
Pitching: LHP Dave Schmidt
|
|
|
Batting: RHB Elias Urbina
|
0-0: Called Strike 0-1: Ground out 4-3 (Groundball, 4D, EV 104.4 MPH)
|
|
Batting: RHB Larry Shoop
|
0-0: Ball 1-0: Foul Ball, location: 2F 1-1: DOUBLE (Line Drive, 89M, EV 90.0 MPH)
|
|
Batting: SHB Masatoshi Akahoshi
|
0-0: Ball 1-0: Called Strike 1-1: Called Strike 1-2: Ball 2-2: Strikes out swinging
|
|
Batting: RHB Masaya Nakamura
|
0-0: Called Strike 0-1: Ball 1-1: Ball 2-1: Ground out 4-3 (Groundball, 4, EV 84.4 MPH)
|
| Bottom of the 1st over - 0 runs, 1 hit, 0 errors, 1 left on base; Pensacola 0 - Columbia 0 |
| TOP OF THE 2ND |
|
Pensacola Blue Wahoos batting - Pitching for Columbia Fireflies : RHP Jose Esquibel
|
|
Batting: RHB Dave Ruiz
|
0-0: Ball 1-0: Ball 2-0: Ball 3-0: Called Strike 3-1: Base on Balls
|
|
Batting: LHB Brian Snyder
|
0-0: Ground out 6-3 (Groundball, P, EV 83.1 MPH) Dave Ruiz to second
|
|
Batting: RHB Jordan Torres
|
0-0: Hit by Pitch
|
|
Batting: RHB Matt Silva
|
0-0: Foul Ball, location: 2F 0-1: Ball 1-1: Ball 2-1: Called Strike 2-2: Strikes out swinging
|
|
Batting: RHB Pat Mage
|
0-0: Ground out U3 (Groundball, 3L, EV 90.0 MPH)
|
| Top of the 2nd over - 0 runs, 0 hits, 0 errors, 2 left on base; Pensacola 0 - Columbia 0 |
| BOTTOM OF THE 2ND |
|
Columbia Fireflies batting - Pitching for Pensacola Blue Wahoos : LHP Dave Schmidt
|
|
Batting: RHB Jose Lara
|
0-0: Ball 1-0: SINGLE (Line Drive, 34, EV 97.5 MPH)
|
|
Batting: RHB Andy Carrell
|
0-0: Ball 1-0: Ball 2-0: Called Strike 2-1: Ball 3-1: Base on Balls Jose Lara to second
|
|
Batting: LHB Tony Leyba
|
0-0: Called Strike 0-1: SINGLE (Groundball, 6MD, EV 103.1 MPH) Jose Lara to third Andy Carrell to second
|
|
Batting: RHB Dan Muse
|
0-0: Foul Ball, location: 2F 0-1: Ball 1-1: Ball 2-1: Fly out, F9 (Flyball, 9, EV 87.5 MPH)
|
|
Batting: LHB Preston Knaak
|
0-0: Called Strike 0-1: Ball 1-1: Grounds into double play, 3-6-3 (Groundball, 3, EV 86.9 MPH)
|
| Bottom of the 2nd over - 0 runs, 2 hits, 0 errors, 2 left on base; Pensacola 0 - Columbia 0 |
| TOP OF THE 3RD |
|
Pensacola Blue Wahoos batting - Pitching for Columbia Fireflies : RHP Jose Esquibel
|
|
Batting: RHB Joe Kooyers
|
0-0: Ball 1-0: Ball 2-0: Called Strike 2-1: Foul Ball, location: 2F 2-2: Ball 3-2: Foul Ball, location: 2F 3-2: Foul Ball, location: 2F 3-2: Foul Ball, location: 2F 3-2: Foul Ball, location: 2F 3-2: Foul Ball, location: 2F 3-2: Ground out 5-3 (Groundball, 5, EV 80.0 MPH)
|
|
Batting: RHB Tony Casas
|
0-0: Ball 1-0: Ball 2-0: Ball 3-0: Called Strike 3-1: Base on Balls
|
|
Batting: LHB Phil Lomax
|
0-0: Ball Tony Casas steals 2nd base 1-0: Called Strike 1-1: Called Strike 1-2: Ball 2-2: Ground out 6-3 (Groundball, 6, EV 89.4 MPH) Tony Casas to third
|
|
Batting: RHB Sang-ton Pak
|
0-0: Foul Ball, location: 2F 0-1: Called Strike 0-2: Ball 1-2: Strikes out swinging
|
| Top of the 3rd over - 0 runs, 0 hits, 0 errors, 1 left on base; Pensacola 0 - Columbia 0 |
| BOTTOM OF THE 3RD |
|
Columbia Fireflies batting - Pitching for Pensacola Blue Wahoos : LHP Dave Schmidt
|
|
Batting: RHB Elias Urbina
|
0-0: Called Strike 0-1: Swinging Strike 0-2: SINGLE (Groundball, 4M, EV 103.1 MPH) (infield hit)
|
|
Batting: RHB Larry Shoop
|
0-0: Ball 1-0: Fielders Choice at 2nd, 6-4 (Groundball, 6, EV 80.0 MPH)
|
|
Batting: SHB Masatoshi Akahoshi
|
0-0: Ball Larry Shoop steals 2nd base 1-0: Fly out, F8 (Flyball, 8RXD, EV 93.1 MPH) Runner from 2nd tags up, SAFE at 3rd, no throw by CF
|
|
Batting: RHB Masaya Nakamura
|
0-0: Ball 1-0: Ball 2-0: DOUBLE (Line Drive, 9LM, EV 95.6 MPH) Larry Shoop scores
|
|
Batting: RHB Jose Lara
|
0-0: Ball 1-0: Called Strike 1-1: Foul Ball, location: 2F 1-2: Foul Ball, location: 2F 1-2: Foul Ball, location: 2F 1-2: Strikes out looking
|
| Bottom of the 3rd over - 1 run, 2 hits, 0 errors, 1 left on base; Pensacola 0 - Columbia 1 |
| TOP OF THE 4TH |
|
Pensacola Blue Wahoos batting - Pitching for Columbia Fireflies : RHP Jose Esquibel
|
|
Batting: RHB Dave Ruiz
|
0-0: Ball 1-0: Ball 2-0: Ball 3-0: Called Strike 3-1: Called Strike 3-2: Foul Ball, location: 2F 3-2: Strikes out swinging
|
|
Batting: LHB Brian Snyder
|
0-0: Called Strike 0-1: TRIPLE (Flyball, 89XD, EV 111.2 MPH)
|
|
Batting: RHB Jordan Torres
|
0-0: Foul Ball, location: 2F 0-1: Swinging Strike 0-2: Foul Ball, location: 2F 0-2: Ball 1-2: Strikes out swinging
|
|
Batting: RHB Matt Silva
|
0-0: Ball 1-0: Ball 2-0: Fly out, F8 (Flyball, 89M, EV 83.8 MPH)
|
| Top of the 4th over - 0 runs, 1 hit, 0 errors, 1 left on base; Pensacola 0 - Columbia 1 |
| BOTTOM OF THE 4TH |
|
Columbia Fireflies batting - Pitching for Pensacola Blue Wahoos : LHP Dave Schmidt
|
|
Batting: RHB Andy Carrell
|
0-0: Ball 1-0: Ground out 6-3 (Groundball, 6, EV 98.1 MPH)
|
|
Batting: LHB Tony Leyba
|
0-0: Swinging Strike 0-1: Called Strike 0-2: Strikes out swinging
|
|
Batting: RHB Dan Muse
|
0-0: Called Strike 0-1: Ball 1-1: Ball 2-1: Ball 3-1: Reached on error, E4 (Groundball, 4D, EV 90.0 MPH)
|
|
Batting: LHB Preston Knaak
|
0-0: SINGLE (Line Drive, 9LS, EV 90.6 MPH) Dan Muse to second Runner from 2nd tries for 3rd, SAFE, throw by RF made to third
|
|
Batting: RHB Elias Urbina
|
0-0: Foul Ball, location: 2F 0-1: Swinging Strike 0-2: Ball 1-2: Ball 2-2: Foul Ball, location: 2F 2-2: Foul Ball, location: 2F 2-2: Fielders Choice at 2nd, 5-4 (Groundball, 56, EV 83.8 MPH)
|
| Bottom of the 4th over - 0 runs, 1 hit, 1 error, 2 left on base; Pensacola 0 - Columbia 1 |
| TOP OF THE 5TH |
|
Pensacola Blue Wahoos batting - Pitching for Columbia Fireflies : RHP Jose Esquibel
|
|
Batting: RHB Pat Mage
|
0-0: Called Strike 0-1: Swinging Strike 0-2: Foul Ball, location: 2F 0-2: Ball 1-2: Ball 2-2: Ground out 6-3 (Groundball, 6, EV 93.8 MPH)
|
|
Batting: RHB Joe Kooyers
|
0-0: Ball 1-0: Swinging Strike 1-1: Ball 2-1: Foul Ball, location: 2F 2-2: Foul Ball, location: 2F 2-2: Foul Ball, location: 2F 2-2: Strikes out swinging
|
|
Batting: RHB Tony Casas
|
0-0: Foul Ball, location: 2F 0-1: Swinging Strike 0-2: Ball 1-2: Ball 2-2: Foul Ball, location: 2F 2-2: Foul Ball, location: 2F 2-2: Strikes out swinging
|
| Top of the 5th over - 0 runs, 0 hits, 0 errors, 0 left on base; Pensacola 0 - Columbia 1 |
| BOTTOM OF THE 5TH |
|
Columbia Fireflies batting - Pitching for Pensacola Blue Wahoos : LHP Dave Schmidt
|
|
Batting: RHB Larry Shoop
|
0-0: Foul Ball, location: 2F 0-1: Ball 1-1: Ball 2-1: Swinging Strike 2-2: Foul Ball, location: 2F 2-2: Strikes out swinging
|
|
Batting: SHB Masatoshi Akahoshi
|
0-0: Ball 1-0: Fly out, F8 (Line Drive, 8RM, EV 96.2 MPH)
|
|
Batting: RHB Masaya Nakamura
|
0-0: Ball 1-0: Foul Ball, location: 2F 1-1: Called Strike 1-2: Strikes out looking
|
| Bottom of the 5th over - 0 runs, 0 hits, 0 errors, 0 left on base; Pensacola 0 - Columbia 1 |
| TOP OF THE 6TH |
|
Pensacola Blue Wahoos batting - Pitching for Columbia Fireflies : RHP Jose Esquibel
|
|
Batting: LHB Phil Lomax
|
0-0: Foul Ball, location: 2F 0-1: Called Strike 0-2: Ball 1-2: Ball 2-2: Fly out, F9 (Flyball, 9LM, EV 77.5 MPH)
|
|
Batting: RHB Sang-ton Pak
|
0-0: Foul Ball, location: 2F 0-1: Swinging Strike 0-2: Strikes out swinging
|
|
Batting: RHB Dave Ruiz
|
0-0: Ball 1-0: Ball 2-0: Foul Ball, location: 2F 2-1: Foul Ball, location: 2F 2-2: Ball 3-2: Ground out 4-3 (Groundball, 4M, EV 106.9 MPH)
|
| Top of the 6th over - 0 runs, 0 hits, 0 errors, 0 left on base; Pensacola 0 - Columbia 1 |
| BOTTOM OF THE 6TH |
|
Columbia Fireflies batting - Pitching for Pensacola Blue Wahoos : LHP Dave Schmidt
|
|
Batting: RHB Jose Lara
|
0-0: Ball 1-0: Swinging Strike 1-1: Foul Ball, location: 2F 1-2: Ground out 6-3 (Groundball, 6, EV 83.1 MPH)
|
|
Batting: RHB Andy Carrell
|
0-0: Foul Ball, location: 2F 0-1: Swinging Strike 0-2: Strikes out looking
|
|
Batting: LHB Tony Leyba
|
0-0: Called Strike 0-1: Called Strike 0-2: Ball 1-2: Ball 2-2: Strikes out swinging
|
| Bottom of the 6th over - 0 runs, 0 hits, 0 errors, 0 left on base; Pensacola 0 - Columbia 1 |
| TOP OF THE 7TH |
|
Pensacola Blue Wahoos batting - Pitching for Columbia Fireflies : RHP Jose Esquibel
|
|
Batting: LHB Brian Snyder
|
0-0: Called Strike 0-1: DOUBLE (Line Drive, 9LM, EV 107.5 MPH)
|
|
Batting: RHB Jordan Torres
|
0-0: Ball 1-0: Called Strike 1-1: Ball 2-1: Swinging Strike 2-2: Ground out 4-3 (Groundball, 4, EV 103.8 MPH) Brian Snyder to third
|
|
Batting: RHB Matt Silva
|
0-0: Called Strike 0-1: Called Strike 0-2: SINGLE (Groundball, 56, EV 101.9 MPH) Brian Snyder scores
|
|
Pitching: RHP Marvin Merino
|
|
|
Batting: RHB Pat Mage
|
0-0: Ground out 5-3 (Groundball, 5L, EV 92.5 MPH) Matt Silva to second
|
|
Batting: RHB Joe Kooyers
|
0-0: Called Strike 0-1: Swinging Strike 0-2: Foul Ball, location: 2F 0-2: Ball 1-2: Ball 2-2: Foul Ball, location: 2F 2-2: Strikes out swinging
|
| Top of the 7th over - 1 run, 2 hits, 0 errors, 1 left on base; Pensacola 1 - Columbia 1 |
| BOTTOM OF THE 7TH |
|
Columbia Fireflies batting - Pitching for Pensacola Blue Wahoos : LHP Dave Schmidt
|
|
Batting: RHB Dan Muse
|
0-0: Ball 1-0: Ball 2-0: Ball 3-0: Called Strike 3-1: Foul Ball, location: 2F 3-2: Base on Balls
|
|
Pitching: RHP Josh Pugh
|
|
|
Batting: LHB Preston Knaak
|
0-0: Fielders Choice at 2nd, 6-4 (Groundball, 6, EV 88.1 MPH)
|
|
Pinch Hitting: SHB Justin Wallace
|
0-0: Called Strike 0-1: SINGLE (Groundball, 34S, EV 84.4 MPH) (infield hit) Preston Knaak to second
|
|
Batting: RHB Larry Shoop
|
0-0: Ball 1-0: Called Strike 1-1: Swinging Strike 1-2: Strikes out swinging
|
|
Batting: SHB Masatoshi Akahoshi
|
0-0: Called Strike 0-1: Ball 1-1: Ball 2-1: Ball 3-1: Base on Balls Preston Knaak to third Justin Wallace to second
|
|
Batting: RHB Masaya Nakamura
|
0-0: Called Strike 0-1: Called Strike 0-2: GRAND SLAM HOME RUN (Flyball, 78XD, EV 109.4 MPH), Distance : 415 ft
|
|
Pitching: RHP Gilbert Paparelli
|
|
|
Batting: RHB Jose Lara
|
0-0: DOUBLE (Line Drive, 89D, EV 110.0 MPH)
|
|
Batting: RHB Andy Carrell
|
0-0: Called Strike 0-1: Ball 1-1: Ground out 4-3 (Groundball, 4M, EV 111.2 MPH)
|
| Bottom of the 7th over - 4 runs, 3 hits, 0 errors, 1 left on base; Pensacola 1 - Columbia 5 |
| TOP OF THE 8TH |
|
Pensacola Blue Wahoos batting - Pitching for Columbia Fireflies : RHP Marvin Merino
|
|
Pitching: LHP Bubba Fields
|
|
|
Now in LF: Justin Wallace
|
|
|
Batting: RHB Tony Casas
|
0-0: Called Strike 0-1: Foul Ball, location: 2F 0-2: Ball 1-2: Strikes out swinging
|
|
Batting: LHB Phil Lomax
|
0-0: Ball 1-0: Called Strike 1-1: Fly out, F8 (Flyball, 8RD, EV 96.9 MPH)
|
|
Batting: RHB Sang-ton Pak
|
0-0: Ball 1-0: Called Strike 1-1: Ball 2-1: Ground out 4-3 (Groundball, 4, EV 101.2 MPH)
|
| Top of the 8th over - 0 runs, 0 hits, 0 errors, 0 left on base; Pensacola 1 - Columbia 5 |
| BOTTOM OF THE 8TH |
|
Columbia Fireflies batting - Pitching for Pensacola Blue Wahoos : RHP Gilbert Paparelli
|
|
Batting: LHB Tony Leyba
|
0-0: SOLO HOME RUN (Flyball, 9LD, EV 93.8 MPH), Distance : 336 ft
|
|
Batting: RHB Dan Muse
|
0-0: Fly out, F8 (Flyball, 8RS, EV 96.2 MPH)
|
|
Batting: LHB Preston Knaak
|
0-0: Called Strike 0-1: Ball 1-1: SINGLE (Groundball, 13S, EV 70.6 MPH) (infield hit)
|
|
Batting: SHB Justin Wallace
|
0-0: Grounds into double play, 3-6-3 (Groundball, 3, EV 101.2 MPH)
|
| Bottom of the 8th over - 1 run, 2 hits, 0 errors, 0 left on base; Pensacola 1 - Columbia 6 |
| TOP OF THE 9TH |
|
Pensacola Blue Wahoos batting - Pitching for Columbia Fireflies : LHP Bubba Fields
|
|
Batting: RHB Dave Ruiz
|
0-0: Foul Ball, location: 2F 0-1: Swinging Strike 0-2: Ball 1-2: Strikes out swinging
|
|
Batting: LHB Brian Snyder
|
0-0: Foul Ball, location: 2F 0-1: Swinging Strike 0-2: Strikes out swinging
|
|
Batting: RHB Jordan Torres
|
0-0: Called Strike 0-1: Ball 1-1: Fly out, F9 (Flyball, 9LSF, EV 86.9 MPH)
|
| Top of the 9th over - 0 runs, 0 hits, 0 errors, 0 left on base; Pensacola 1 - Columbia 6 |
|